 Seeded DCSS version 0.25.1-8-g42b30a86e7 (webtiles) character file.

Game seed: 20201210 (custom seed)

266 radhat240 the Chopper (level 6, -7/55 HPs)
             Began as a Hill Orc Fighter on Dec 15, 2020.
             Mangled by an iguana (11 damage)
             ... on level 5 of the Dungeon.
             The game lasted 00:11:41 (3139 turns).

radhat240 the Chopper (Hill Orc Fighter)            Turns: 3139, Time: 00:11:44

Health: -7/55      AC:  3    Str: 21    XL:     6   Next: 20%
Magic:  6/6        EV:  7    Int:  8    God:
Gold:   149        SH:  9    Dex: 10    Spells: 5/5 levels left

rFire    + . .     SeeInvis .   a - +0 war axe
rCold    . . .     Gourm    .   c - +0 kite shield
rNeg     . . .     Faith    .   b - +0 scale mail
rPois    .         Spirit   .   (no helmet)
rElec    .         Reflect  .   (no cloak)
rCorr    .         Harm     .   r - +0 pair of gloves
MR       .....                  i - +2 pair of boots
Stlth    ..........             j - amulet of regeneration
HPRegen  0.58/turn              q - ring of protection from fire
MPRegen  0.10/turn              (no ring)

@: mighty, corroded
A: no striking features
a: no special abilities


You were on level 5 of the Dungeon.
You were not hungry.

You visited 1 branch of the dungeon, and saw 5 of its levels.

You collected 149 gold pieces.

Inventory:

Hand Weapons
 a - a +0 war axe (weapon)
Armour
 b - a +0 scale mail (worn)
 c - a +0 kite shield (worn)
 i - a +2 pair of boots (worn)
 r - a +0 pair of gloves (worn)
Jewellery
 j - an amulet of regeneration (around neck)
 l - an uncursed amulet of faith {unknown}
 q - a ring of protection from fire (left hand)
Scrolls
 e - 2 scrolls of identify {unknown}
 g - a scroll of enchant armour
 k - 2 scrolls of amnesia
 n - a scroll of teleportation {unknown}
 o - a scroll of immolation {unknown}
 p - a scroll of blinking {unknown}
 s - 2 scrolls of remove curse {unknown}
 u - a scroll of fear {unknown}
Potions
 m - a potion of brilliance {unknown}
 v - a potion of haste {unknown}
Comestibles
 f - 12 rations


   Skills:
 + Level 4.8 Fighting
 + Level 5.6 Axes
 + Level 4.1 Armour
 + Level 0.7 Dodging
 + Level 0.1 Stealth
 + Level 4.3 Shields


You had 5 spell levels left.
You didn't know any spells.
Your spell library was empty.

Dungeon Overview and Level Annotations

Branches:
Dungeon (5/15)
 Temple: D:4-7

Altars:
Dithmenos
Trog
Vehumet
Yredelemnul


Message History

You barely miss the iguana. You block the jelly's attack.
The iguana barely misses you.
You hit the jelly.
Your hands burn!
* * * LOW HITPOINT WARNING * * *
The jelly is almost dead.
You hit the iguana but do no damage. You block the jelly's attack.
The iguana bites you.
* * * LOW HITPOINT WARNING * * *
You completely miss the jelly.
The jelly is almost dead.
You hit the iguana. You block the jelly's attack.
The iguana closely misses you.
You hit the iguana.
The iguana is heavily wounded.
You hit the jelly.
You kill the jelly!
The iguana bites you.
* * * LOW HITPOINT WARNING * * *
The iguana bites you!
You die...

# . #. J##### .
+.[.. ##. ..#
.###..###..# ##!
.....#...#.+
#...#
#....@l.#...#
##########...#
#.#..........###
#.#.######)###
#.#.# #.# #.#.#
#.# #.#.### #.#
#.#...# ...
#######.#.#.#
#.#


You could see an iguana.

Vanquished Creatures
  A jelly (D:5)
  2 orc wizards
  A worker ant (D:4)
  A gnoll (D:1)
  3 adders
  An ooze (D:2)
  An adder skeleton (D:4)
  3 worms
  3 dart slugs
  3 leopard geckos
  7 orcs
  6 bats (D:1)
  4 giant cockroaches
  6 goblins
  14 hobgoblins
  4 jackals
  5 frilled lizards
  7 kobolds
  12 rats
84 creatures vanquished.

Notes
Turn   | Place    | Note
-------+----------+-------------------------------------------
     0 | D:1      | radhat240 the Hill Orc Fighter began the quest for the Orb.
     0 | D:1      | Reached XP level 1. HP: 19/19 MP: 1/1
   159 | D:1      | Reached XP level 2. HP: 27/27 MP: 2/2
   166 | D:1      | Reached skill level 3 in Axes
   190 | D:1      | Reached XP level 3. HP: 26/33 MP: 3/3
   952 | D:2      | Reached XP level 4. HP: 40/40 MP: 4/4
  1039 | D:2      | Found a radiant altar of Vehumet.
  1040 | D:2      | Found a basalt altar of Yredelemnul.
  1041 | D:2      | Found a shadowy altar of Dithmenos.
  1102 | D:2      | Reached skill level 4 in Axes
  1738 | D:3      | Reached XP level 5. HP: 43/47 MP: 5/5
  2574 | D:4      | Reached skill level 5 in Axes
  2870 | D:4      | Noticed a moth of wrath
  2874 | D:4      | Found a bloodstained altar of Trog.
  2883 | D:4      | Reached XP level 6. HP: 55/55 MP: 6/6
  2995 | D:5      | Entered Level 5 of the Dungeon
  3131 | D:5      | HP: 1/55 [iguana (5)]
  3139 | D:5      | Mangled by an iguana

Illustrated notes

Levels and vault maps discovered:
D:1:      dpeg_arrival_snail, layout_basic
D:2:      layout_basic, chequers_temple_overflow_statue_of_worship,
          minmay_hedge_maze, minmay_misc_feat_five
D:3:      layout_basic
D:4:      layout_loops_ring, tgw_trog, first_ration, minmay_distorted
D:5:      layout_basic, kennysheep_nub, minmay_fractal_squares_diagonal_5,
          uniq_pikel

Skill      XL: |  1  2  3  4  5 |
---------------+----------------+-----
Fighting       | 4 |  4.8
Axes           | 3 4 5 |  5.6
Armour         | 4 |  4.1
Shields        | 4 |  4.3
Dodging        | |  0.7
Stealth        | |  0.1

Action                   |  1- 3 |  4- 6 || total
-------------------------+-------+-------++-------
Melee: War axe           |   118 |   158 ||   276
  Use: Scroll            |     3 |       ||     3
       Potion            |       |     3 ||     3
  Eat: Chunk             |       |     8 ||     8
Armor: Scale mail        |    79 |    99 ||   178
Dodge: Dodged            |    41 |    52 ||    93
Block: Kite shield       |    60 |    87 ||   147
